 Dungeon Crawl Stone Soup version 0.24-a0-170-gd8427f5 (webtiles) character file.

Game seed: 6974312623211818516

46 Dfrag the Grave Robber (level 3, 24/28 HPs)
             Began as a Deep Dwarf Necromancer on Mar 9, 2019.
             Quit the game on level 2 of the Dungeon.
             The game lasted 00:02:06 (1020 turns).

Dfrag the Grave Robber (Deep Dwarf Necromancer)     Turns: 1020, Time: 00:02:07

Health: 24/28      AC:  5    Str: 11    XL:     3   Next: 44%
Magic:  6/6        EV: 12    Int: 16    God:
Gold:   43         SH:  0    Dex: 13    Spells: 3/7 levels left

rFire    . . .     SeeInvis .   (no weapon)
rCold    + . .     Gourm    .   (no shield)
rNeg     . . .     Faith    .   a - +0 robe
rPois    .         Spirit   .   (no helmet)
rElec    .         Reflect  .   (no cloak)
rCorr    .         Harm     .   e - +2 pair of gloves
MR       .....                  (no boots)
Stlth    ++........             (no amulet)
HPRegen  0.00/turn              d - ring of protection from cold
MPRegen  0.10/turn              (no ring)

@: non-regenerating
A: damage resistance, heal wounds, sense surroundings 1, no regeneration
a: Heal Wounds


You were on level 2 of the Dungeon.
You were very hungry.

You visited 1 branch of the dungeon, and saw 2 of its levels.

You collected 43 gold pieces.

Inventory:

Armour
 a - a +0 robe (worn)
 e - a +2 pair of gloves (worn)
Jewellery
 d - a ring of protection from cold (left hand)
Scrolls
 b - a scroll of fear {unknown}
 f - a scroll of identify {unknown}
 g - a scroll of noise {unknown}
 h - a scroll of remove curse {unknown}
Comestibles
 c - 3 rations


   Skills:
 - Level 2.1 Dodging
 - Level 2.4 Stealth
 * Level 2.9 Spellcasting
 + Level 4.9 Necromancy


You had 3 spell levels left.
You knew the following spells:

 Your Spells              Type           Power        Failure   Level  Hunger
a - Pain                  Necr           ###.         2%          1    #......
b - Vampiric Draining     Necr           ###.......   8%          3    ###....

Your spell library contained the following spells:

 Spells                   Type           Power        Failure   Level  Hunger
 Animate Skeleton         Necr           N/A          2%          1    #......
 Animate Dead             Necr           N/A          26%         4    #####..
 Regeneration             Chrm/Necr      Unusable     N/A         3    N/A

Dungeon Overview and Level Annotations

Branches:
Dungeon (2/15)

Altars:


Innate Abilities, Weirdness & Mutations

You are resistant to damage.
You can heal yourself by infusing magical energy.
You passively map a small area around you.
You do not regenerate.


Message History

The shadow imp shouts!
You see here a scroll labeled VUSIJE MOOWN.
The shadow imp shouts, "Take thy face hence, thou pox-marked moldwarp bandersnitch!"
You see here a scroll labeled VUSIJE MOOWN.
The shadow imp hits you. The shadow imp gestures at you.
Pain shoots through your body!
* * * LOW HITPOINT WARNING * * *
You see here a hunting sling.
You are feeling very hungry.
The shadow imp hits you but does no damage.
You fail to use your ability.
The shadow imp barely misses you.
You fail to use your ability.
The shadow imp completely misses you.
Firing (i - inventory) No suitable missiles.
Press: ? - help, Shift-Dir - straight line, f - shadow imp
Aim: a shadow imp
Okay, then.
Your magical essence is drained by the effort!
You feel much better. The shadow imp barely misses you.
Are you sure you want to abandon this character and quit the game? (Confirm with "yes".)

.##.# , ....# , ,
.#..### ,* , ** ,, ,
.......* * * , ######.
, * , # ** * * * , ,,,,
,, ### ** #,
##########...
,####.##...)5@.#..#
................#
.....#........## *
....,#..w....##### , ..
#.?.......... , , ,
#.......###
###########....?..#***
......#.....#..........
......w................
,


You could see a worm and a shadow imp.

Vanquished Creatures
  An ooze (D:1)
  2 leopard geckos (D:1)
  3 giant cockroaches (D:1)
  4 goblins
  6 hobgoblins
  8 jackals
  A quokka (D:2)
  3 bats
  A frilled lizard (D:1)
  2 kobolds
  3 rats
34 creatures vanquished.

Notes
Turn   | Place    | Note
-------+----------+-------------------------------------------
     0 | D:1      | Dfrag the Deep Dwarf Necromancer began the quest for the
                  | Orb.
     0 | D:1      | Reached XP level 1. HP: 15/15 MP: 3/3
   132 | D:1      | Reached XP level 2. HP: 19/22 MP: 1/5
   670 | D:1      | Reached XP level 3. HP: 20/28 MP: 1/7
   675 | D:1      | Learned a level 3 spell: Vampiric Draining
  1020 | D:2      | Quit the game

Levels and vault maps discovered:
D:1:      eino_arrival_water_cross, layout_loops_ring, minmay_tiny_reverse_x
D:2:      layout_rooms

Skill      XL: |  1 |
---------------+----+-----
Spellcasting   | 2 |  2.9
Dodging        | |  2.1
Stealth        | |  2.4
Necromancy     | |  4.9

Action                   || total
-------------------------++-------
Melee: Unarmed           ||    99
 Cast: Pain              ||    50
 Abil: Heal Wounds       ||     1
Armor: Robe              ||    31
Dodge: Dodged            ||    91

Table legend:
 A = Non-vault XP
 B = Vault XP
 C = Vault XP percentage of total XP
 D = Non-vault monster count
 E = Vault monster count
 F = Vault count percentage of total count
                 A         B        C        D         E       F
            +---------+---------+-------+---------+---------+-------
      Total |      62 |       4 |   6.1 |      32 |       2 |   5.9
            +---------+---------+-------+---------+---------+-------
        D:1 |      41 |       4 |   8.9 |      20 |       2 |   9.1
        D:2 |      21 |       0 |   0.0 |      12 |       0 |   0.0
            +---------+---------+-------+---------+---------+-------
